 Dungeon Crawl Stone Soup version 0.29.1-1-gd02db6906a (webtiles) character file.

Game seed: 2759971293501729234

44 Descartes the Shield-Bearer (level 3, 0/36 HPs)
             Began as a Troll Fighter on Oct 10, 2022.
             Slain by a goblin
             ... wielding a +1 dagger of venom
             ... led by Robin
              (2 damage)
             ... on level 1 of the Dungeon.
             The game lasted 00:00:52 (533 turns).

Descartes the Shield-Bearer (Troll Fighter)          Turns: 533, Time: 00:00:53

Health: 0/36       AC:  4    Str: 24    XL:     3   Next: 39%
Magic:  2/2        EV:  8    Int:  4    God:
Gold:   130        SH:  8    Dex: 11    Spells: 2/2 levels left

rFire   . . .      SeeInvis .     - Unarmed
rCold   . . .      Faith    .   b - +0 kite shield
rNeg    . . .      Spirit   .   a - +0 robe
rPois   .          Reflect  .   (helmet restricted)
rElec   .          Harm     .   (no cloak)
rCorr   .          Rampage  .   (gloves unavailable)
Will    .....                   (boots unavailable)
Stlth   +.........              (no amulet)
HPRegen 0.92/turn               (no ring)
MPRegen 0.08/turn               (no ring)

@: lethally poisoned (0 -> -5)
A: large, unfitting armour, claws 3, regeneration 1, shaggy fur 1, tough skin 1
a: no special abilities


You were on level 1 of the Dungeon.
You visited 1 branch of the dungeon, and saw 2 of its levels.

You collected 130 gold pieces.

Inventory:

Armour
 a - a +0 robe (worn)
 b - a +0 kite shield (worn)
Jewellery
 i - a ring of willpower
Scrolls
 e - a scroll of poison {unknown}
 f - a scroll of torment {unknown}
 h - a scroll of identify {unknown}
Potions
 c - a potion of might
 d - a potion of berserk rage {unknown}
 g - a potion of curing {unknown}


   Skills:
 - Level 2.4 Fighting
 - Level 2.4 Dodging
 + Level 3.4 Shields
 + Level 3.0 Unarmed Combat


You had 2 spell levels left.
You didn't know any spells.
Your spell library was empty.

Dungeon Overview and Level Annotations

Branches:
Dungeon (2/15)

Altars:


Innate Abilities, Weirdness & Mutations

You are too large for most types of armour.
You have claws for hands.
Your natural rate of healing is unusually fast.
You are covered in fur. (AC +1)
You have tough skin. (AC +1)


Message History

You block the goblin's attack. x2
The goblin hits you with a +1 dagger of venom.
The goblin hits you with a +0 dagger. The goblin barely misses you.
You scratch the goblin.
You kill the goblin!
You feel sick.
The goblin hits you but does no damage. x2
You block the goblin's attack.
The goblin hits you with a +1 dagger of venom.
The goblin hits you but does no damage. You block the goblin's attack.
You feel sick. You block the goblin's attack. x2
The goblin barely misses you.
The goblin hits you with a +1 dagger of venom.
You are more poisoned.
You block the goblin's attack. The goblin hits you but does no damage.
You climb upwards.
You feel very sick.
There is a stone staircase leading down here.
You closely miss the goblin.
You feel very sick. The goblin hits you but does no damage.
You are lethally poisoned!
The goblin closely misses you. The goblin hits you but does no damage.
The goblin hits you with a +0 dagger.
* * * LOW HITPOINT WARNING * * *
The goblin hits you but does no damage. x2
You claw the goblin!
You kill the goblin!
* * * LOW HITPOINT WARNING * * *
You feel very sick.
The goblin hits you with a +1 dagger of venom.
* * * LOW HITPOINT WARNING * * *
The goblin hits you with a +0 dagger.
* * * LOW HITPOINT WARNING * * *
The goblin hits you but does no damage. The goblin barely misses you.
You block the goblin's attack.
You barely miss the goblin.
* * * LOW HITPOINT WARNING * * *
You feel very sick.
The goblin hits you with a +1 dagger of venom.
You die...

########.##.### ##.##+#
.)..÷....)....## #.....#
###)#.#.#.#.#..# ###.#####
##.............####...#
....#.#.#.#.##...#..###
.##.........####.#.##
.##.#.#.#.#)# #.#.#
###.........####gg.#
##..#.#.#.#.##.g@)##
##..........##..gg#
##.......#####....#########
###......# #..÷.........#
#......#####..#)###.###.#
#......#......#...###...####
#......#.##...###.#.#.#....#
#........##.#..#......#.##.#
#..#.#.#.##...###.#.###.##.###


You could see 5 goblins.

Vanquished Creatures
  Robin (D:2)
  2 ball pythons (D:1)
  2 endoplasms (D:1)
  2 giant cockroaches (D:1)
  5 goblins
  A hobgoblin (D:1)
  7 jackals (D:1)
  A quokka (D:1)
  A bat (D:1)
  4 kobolds (D:1)
  2 rats (D:1)
28 creatures vanquished.

Notes
Turn   | Place    | Note
-------+----------+-------------------------------------------
     0 | D:1      | Descartes the Troll Fighter began the quest for the Orb.
     0 | D:1      | Reached XP level 1. HP: 22/22 MP: 0/0
    88 | D:1      | Reached XP level 2. HP: 29/29 MP: 1/1
   498 | D:1      | Reached XP level 3. HP: 36/36 MP: 2/2
   523 | D:2      | Noticed Robin
   525 | D:2      | Killed Robin
   533 | D:1      | Slain by a goblin

Illustrated notes

Levels and vault maps discovered:
D:1:      tarquinn_simple_flora_water_e, layout_basic, serial_glass,
          glass_columns_a, glass_columns_b, glass_columns_b, glass_columns_c,
          serial_park_tiny_1, minmay_indecisive_spiral
D:2:      minmay_evil_eye, layout_rooms, shapermc_ecumenical_altar_totnotflames,
          uniq_sigmund, uniq_robin

Skill      XL: |  1  2  3 |
---------------+----------+-----
Shields        | 3 |  3.4
Unarmed Combat | 3 |  3.0
Fighting       | |  2.4
Dodging        | |  2.4

Action                   || total
-------------------------++-------
Melee: Unarmed           ||    77
Armor: Robe              ||    29
Dodge: Dodged            ||    43
Block: Kite shield       ||    38
